Map: 紫晶浪漫-天梯版

Players

夜蝶蝶蝶蝶蝶蝶蝶 (Firefly) - Winner!

  • Race: Protoss Protoss

iGCoffeeMs (Coffee)

  • Race: Terran Terran
  • League: Master

Event: DreamHack SC2 Masters 2021 Summer

VOD

Have the link to the VOD?

Description

Time

  • Played on: May 28, 2021, 9:16 a.m.
  • Length: 14:42

All games in this series

Show
View Real Time Build Order
Export as new Build Order

夜蝶蝶蝶蝶蝶蝶蝶 Protoss - Winner!

Build Orders: 1 Gate Expand, Blink Stalkers 

Get SALT Encoding   

  12  0:00  Probe  
  13  0:12  Probe  
  14  0:18  Pylon  
  14  0:24  Probe (Chrono Boost)  
  15  0:36  Probe (Chrono Boost)  
  15  0:37  Gateway  
  16  0:45  Probe (Chrono Boost)  
  16  0:47  Assimilator  
  17  0:50  Probe  
  17  0:56  Assimilator  
  18  1:03  Probe  
  19  1:15  Probe  
  20  1:25  Cybernetics Core  
  20  1:34  Nexus  
  20  1:41  Pylon  
  20  1:44  Probe  
  21  1:50  Assimilator  
  21  1:56  Probe  
  21  1:58  Adept (Chrono Boost)  
  24  2:03  Warp Gate  
  24  2:08  Probe  
  25  2:13  Shield Battery  
  25  2:18  Adept (Chrono Boost)  
  27  2:24  Probe  
  28  2:36  Probe  
  29  2:41  Twilight Council  
  29  2:45  Stalker  
  29  2:47  Probe  
  29  2:50  Probe  
  33  3:00  Probe  
  33  3:03  Probe  
  35  3:12  Probe (Chrono Boost)  
  36  3:15  Blink (Chrono Boost)  
  36  3:19  Probe (Chrono Boost)  
  37  3:22  Pylon  
  37  3:24  Probe (Chrono Boost)  
  36  3:29  Probe (Chrono Boost)  
  36  3:30  Probe (Chrono Boost)  
  38  3:34  Probe  
  38  3:38  Probe  
  40  3:46  Probe  
  40  3:47  Gateway  
  41  3:50  Probe  
  42  3:57  Nexus  
  42  3:58  Pylon  
  42  4:00  Probe  
  43  4:08  Probe  
  43  4:09  Stalker  
  44  4:17  Probe  
  44  4:21  Probe, Robotics Facility  
  44  4:23  Assimilator, Forge  
  46  4:30  Probe  
  47  4:33  Probe, Pylon  
  47  4:34  Stalker  
  50  4:39  Shield Battery  
  50  4:42  Stalker  
  50  4:43  Probe  
  50  4:45  Probe  
  54  4:51  Pylon  
  54  4:53  Protoss Ground Weapons Level 1 (Chrono Boost)  
  54  4:55  Probe  
  54  4:59  Stalker  
  57  5:01  Probe  
  57  5:06  Stalker  
  60  5:08  Observer (Chrono Boost)  
  60  5:11  Probe  
  60  5:13  Probe  
  63  5:15  Probe  
  63  5:20  Gateway  
  64  5:22  Gateway  
  64  5:25  Pylon  
  64  5:29  Observer (Chrono Boost)  
  64  5:32  Gateway  
  64  5:33  Gateway  
  65  5:41  Stalker  
  65  5:42  Probe  
  68  5:46  Probe  
  68  5:48  Sentry  
  68  5:49  Gateway  
  71  5:51  Probe, Gateway, Pylon  
  71  5:54  Probe, Pylon, Shield Battery  
  71  5:56  Pylon  
  73  5:59  Probe  
  73  6:01  Warp Prism (Chrono Boost)  
  73  6:03  Probe  
  79  6:07  Stalker  
  79  6:24  Probe x3  
  71  6:32  Immortal  
  73  6:34  Observer  
  73  6:36  Probe x3, Pylon  
  73  6:37  Sentry x2  
  80  6:43  Stalker x2  
  80  6:44  Stalker  
  80  6:46  Protoss Ground Armor Level 1 (Chrono Boost)  
  86  6:47  Stalker  
  86  6:48  Probe  
  86  6:51  Zealot x2  
  93  7:00  Zealot x2  
  93  7:01  Probe x3  
  100  7:08  Zealot  
  100  7:09  Zealot  
  100  7:10  Zealot  
  102  7:19  Probe x2  
  102  7:22  Zealot x4  
  104  7:35  Stalker x4  
  104  7:36  Charge  
  100  7:44  Zealot x3  
  90  7:49  Stalker  
  80  7:58  Stalker x2  
  73  7:59  Stalker x2  
  73  8:03  Probe x2  
  71  8:09  Stalker  
  65  8:19  Stalker x2  
  69  8:20  Observer, Probe x2  
  69  8:23  Probe (Chrono Boost)  
  68  8:32  Probe x2 (Chrono Boost)  
  68  8:36  Probe (Chrono Boost)  
  68  8:39  Protoss Ground Weapons Level 2 (Chrono Boost)  
  70  8:43  Probe x2 (Chrono Boost)  
  70  8:44  Probe (Chrono Boost), Zealot x4  
  70  8:47  Probe x2 (Chrono Boost)  
  80  8:52  Probe  
  83  8:56  Warp Prism (Chrono Boost)  
  83  9:01  Probe  
  72  9:20  Templar Archives  
  72  9:23  Observer, Nexus  
  72  9:27  Observer, Zealot  
  72  9:28  Zealot x4  
  82  9:31  Observer  
  82  9:34  Probe x2  
  82  9:35  Probe  
  82  9:36  Assimilator  
  82  9:37  Assimilator  
  85  9:41  Stalker  
  87  9:49  Psionic Storm  
  87  9:51  Probe  
  88  9:58  Probe x2  
  88  9:59  Immortal  
  89  10:11  High Templar x2, Zealot x2  
  89  10:12  Probe x2, Zealot x3  
  109  10:20  Zealot  
  111  10:23  Probe  
  111  10:24  Probe  
  111  10:25  Pylon  
  113  10:32  High Templar x2  
  109  10:43  Probe x4  
  109  10:45  Shield Battery  
  109  10:47  High Templar  
  109  10:48  Zealot x5  
  119  10:56  Immortal  
  115  11:09  High Templar x2, Zealot x5  
  130  11:18  Probe x2  
  130  11:19  Probe x2  
  130  11:20  Assimilator  
  130  11:21  Protoss Ground Armor Level 2 (Chrono Boost)  
  133  11:30  High Templar  
  133  11:31  Zealot x2  
  133  11:32  Pylon  
  139  11:39  Archon x2  
  139  11:44  Warp Prism  
  139  11:46  Zealot x2  
  139  11:50  Probe x3, Pylon  
  139  11:52  Pylon, Stalker x3  
  138  12:11  High Templar x3  
  138  12:12  Zealot x2  
  130  12:32  Zealot x4  
  130  12:33  Zealot  
  138  12:44  Robotics Facility, Robotics Bay  
  132  12:56  Archon  
  116  13:06  Archon  
  116  13:10  Zealot x6  
  116  13:11  Zealot x2  
  124  13:18  Archon  
  110  13:21  Observer (Chrono Boost)  
  110  13:24  Pylon  
  110  13:25  Pylon  
  111  13:31  Colossus (Chrono Boost)  
  111  13:32  High Templar x2  
  111  13:33  Nexus  
  111  13:34  Pylon  
  115  13:38  Zealot x6  
  115  13:39  Colossus (Chrono Boost)  
  115  13:40  Photon Cannon  
  139  13:42  Assimilator  
  139  13:45  Probe x2  
  139  13:48  Photon Cannon, Dark Shrine, Assimilator  
  141  13:49  Assimilator  
  141  13:50  Assimilator  
  141  14:03  Zealot x4  
  141  14:04  Zealot  
  141  14:05  Zealot  
  141  14:06  Zealot  
  159  14:23  Archon  
  147  14:25  Zealot x4  
  147  14:28  Zealot x4  
Show
View Real Time Build Order
Export as new Build Order

iGCoffeeMs Terran 

Build Orders: Reaper Expand 

Get SALT Encoding   

  12  0:00  SCV  
  13  0:12  SCV  
  14  0:17  Supply Depot  
  14  0:24  SCV  
  15  0:38  SCV  
  15  0:40  Barracks  
  16  0:42  Refinery  
  16  0:50  SCV  
  17  1:03  SCV  
  18  1:15  SCV  
  19  1:27  Reaper, Orbital Command  
  20  1:52  Command Center  
  20  1:56  SCV  
  20  1:58  Supply Depot  
  20  1:59  Marine  
  22  2:08  SCV  
  22  2:14  Bunker  
  23  2:21  SCV, Factory  
  24  2:25  Marine  
  25  2:33  SCV  
  25  2:35  Refinery  
  26  2:44  Barracks Reactor  
  26  2:45  SCV  
  27  2:57  SCV  
  27  3:07  Hellion  
  27  3:09  Starport, SCV  
  30  3:21  SCV  
  30  3:25  Marine x2  
  33  3:27  Orbital Command  
  33  3:32  Widow Mine  
  33  3:33  SCV  
  36  3:44  Marine x2, Supply Depot  
  36  3:45  SCV  
  33  3:48  Medivac  
  39  3:53  Widow Mine, SCV  
  44  3:57  SCV  
  44  4:02  Marine  
  46  4:06  SCV, Marine  
  47  4:15  SCV  
  47  4:18  Factory Tech Lab, SCV  
  47  4:20  Marine  
  47  4:24  Marine  
  50  4:28  Starport Tech Lab  
  50  4:29  SCV, Barracks  
  50  4:31  Barracks  
  51  4:33  SCV  
  52  4:40  Supply Depot  
  52  4:41  SCV, Supply Depot  
  53  4:46  Marine  
  53  4:48  Factory Reactor  
  54  5:01  Refinery, SCV x2, Marine  
  54  5:02  Engineering Bay  
  57  5:07  Starport Reactor  
  57  5:14  SCV x2  
  58  5:21  Marine x2  
  58  5:25  Stimpack, Supply Depot  
  58  5:26  SCV x2  
  58  5:27  Marauder x2  
  66  5:30  Terran Infantry Weapons Level 1  
  66  5:34  Combat Shield  
  66  5:38  SCV x2  
  66  5:41  Marine x2  
  70  5:44  Supply Depot  
  70  5:45  Supply Depot  
  70  5:49  Marauder x2  
  74  5:50  SCV x2  
  75  6:01  Marine  
  75  6:02  SCV, Marine  
  78  6:06  Widow Mine x2, Medivac x2  
  78  6:07  SCV  
  87  6:14  SCV, Marauder x2  
  87  6:19  SCV  
  85  6:26  SCV  
  85  6:33  SCV  
  85  6:35  Widow Mine x2, Marine x2  
  85  6:36  Marauder  
  94  6:40  SCV, Marauder  
  97  6:47  Supply Depot  
  97  6:49  Supply Depot  
  97  6:51  Medivac x2  
  100  6:57  Marine x2  
  100  6:58  Concussive Shells  
  102  7:08  Marauder  
  102  7:10  Widow Mine x2, Marauder  
  106  7:19  Command Center  
  104  7:29  Marauder, Marine x2  
  103  7:32  Marauder  
  91  7:50  Marauder, Marine  
  90  7:53  Marauder  
  90  7:57  Marine  
  88  7:59  Widow Mine  
  88  8:02  SCV  
  86  8:08  Marine  
  86  8:12  Marauder  
  80  8:15  Marauder, Marine  
  80  8:16  SCV x2  
  79  8:23  Widow Mine x2  
  79  8:25  Marine  
  78  8:32  Orbital Command  
  78  8:33  Marauder  
  73  8:34  Terran Infantry Armor Level 1  
  73  8:40  Refinery  
  73  8:45  Marine x2  
  75  8:49  SCV x2  
  75  8:51  Marauder  
  75  8:54  Barracks x2  
  75  8:55  Marauder  
  79  9:01  SCV  
  80  9:09  Marine x2  
  81  9:12  Medivac  
  81  9:13  SCV, Marauder  
  81  9:15  Supply Depot  
  81  9:16  Marauder  
  89  9:19  Refinery  
  89  9:20  Orbital Command  
  89  9:22  Widow Mine x2, SCV  
  93  9:25  SCV  
  93  9:27  Marine x2  
  96  9:34  SCV  
  96  9:35  Marauder  
  96  9:37  SCV  
  96  9:38  Marauder  
  102  9:41  Barracks Tech Lab, Missile Turret  
  102  9:42  Barracks Reactor  
  102  9:47  SCV, Medivac  
  102  9:48  SCV  
  102  9:49  SCV, Marine x2  
  109  9:56  Marauder, Viking  
  109  9:59  SCV  
  113  10:08  Marauder  
  113  10:09  Marauder  
  113  10:10  SCV x2  
  113  10:11  Refinery  
  113  10:13  Bunker  
  119  10:15  Supply Depot  
  119  10:16  Marine x2  
  119  10:17  Widow Mine  
  119  10:18  Widow Mine  
  119  10:20  Refinery, SCV  
  126  10:22  SCV  
  126  10:23  Missile Turret  
  126  10:26  Marauder  
  128  10:30  Marauder  
  124  10:39  Marauder  
  124  10:42  SCV x2  
  122  10:46  SCV  
  117  10:50  Marauder  
  117  10:56  Marine x3  
  121  11:02  SCV x2  
  121  11:04  Bunker  
  123  11:08  Marauder x2  
  128  11:13  Supply Depot  
  128  11:16  Marine x4  
  131  11:31  Widow Mine, Marauder x3  
  130  11:46  SCV  
  129  11:52  SCV x2, Marauder  
  129  11:54  Ghost Academy  
  133  11:58  SCV  
  132  12:04  SCV  
  133  12:10  Marauder  
  133  12:11  Marauder  
  133  12:13  Marine x5  
  133  12:14  SCV x2  
  144  12:16  SCV  
  144  12:18  Medivac x2  
  145  12:30  Enhanced Shockwaves  
  145  12:34  SCV x2  
  145  12:36  Refinery  
  147  12:38  Supply Depot x2  
  147  12:51  Marauder, Ghost x2  
  143  12:52  Marine  
  143  12:54  Marine x2  
  143  12:57  Marine  
  133  13:10  Marine  
  133  13:12  Ghost  
  117  13:13  Marine  
  117  13:15  Medivac  
  117  13:17  Widow Mine x2  
  104  13:20  Marauder x2  
  104  13:21  SCV x3  
  104  13:26  Command Center  
  111  13:27  Marine  
  111  13:28  Marine x2  
  111  13:31  Marine  
  111  13:33  Engineering Bay  
  115  13:34  SCV x2, Armory  
  117  13:43  Widow Mine x2  
  117  13:44  Marauder  
  117  13:45  Marauder  
  117  13:47  Marauder  
  127  14:00  Marine x4  
  131  14:03  Medivac x2  
  131  14:05  Missile Turret  
  131  14:08  Marauder  
  131  14:09  Marauder x2  
Tags
 
Add a new tag
Caveats
  • Supply blocks, unpowered buildings, or Contaminate may cause inaccurate times.
  • Supply counts are checked every 10 seconds.